 Dungeon Crawl Stone Soup version 0.22.0 (webtiles) character file.

265 MTVSty1e the Chopper (level 6, -2/38 HPs)
             Began as a Gargoyle Monk on Aug 10, 2018.
             Slain by an ogre
             ... wielding a +0 giant spiked club
              (20 damage)
             ... on level 4 of the Dungeon.
             The game lasted 00:04:59 (3754 turns).

MTVSty1e the Chopper (Gargoyle Monk)                Turns: 3754, Time: 00:04:59

Health: -2/38      AC: 13    Str: 17    XL:     6   Next: 20%
Magic:  6/6        EV:  2    Int: 10    God:
Gold:   212        SH: 11    Dex: 12    Spells: 5/5 levels left

rFire    . . .     SeeInvis +   k - +0 war axe
rCold    . . .     Gourm    .   f - +0 large shield
rNeg     + . .     Faith    .   n - +0 chain mail
rPois    ∞         Spirit   .   (no helmet)
rElec    +         Reflect  .   (no cloak)
rCorr    .         Harm     .   o - +0 pair of gloves
MR       .....                  (no boots)
Stlth    ..........             (no amulet)
HPRegen  0.12/turn              h - ring of see invisible
MPRegen  0.10/turn              (no ring)

@: no status effects
A: negative energy resistance 1, electricity resistance, unbreathing,
petrification resistance, rot immunity, AC +4
a: no special abilities


You were on level 4 of the Dungeon.
You were not hungry.

You visited 1 branch of the dungeon, and saw 4 of its levels.

You collected 212 gold pieces.

Inventory:

Hand Weapons
 a - a +0 hand axe
 k - a +0 war axe (weapon)
Armour
 f - a +0 large shield (worn)
 n - a +0 chain mail (worn)
 o - a +0 pair of gloves (worn)
Jewellery
 h - a ring of see invisible (left hand)
 r - an uncursed ring of ice {unknown}
 s - a +5 ring of intelligence {unknown}
Scrolls
 b - 2 scrolls of enchant armour {unknown}
 e - a scroll of remove curse
 i - a scroll of teleportation
 j - 3 scrolls of magic mapping {unknown}
 m - 2 scrolls of identify
 p - a scroll of immolation {unknown}
 q - a scroll of fog {unknown}
Potions
 d - a potion of curing
 g - a potion of resistance {unknown}
 l - a potion of mutation {unknown}
Comestibles
 c - 13 rations


   Skills:
 + Level 3.8 Fighting
 * Level 5.9 Axes
 - Level 2.4 Dodging
 - Level 2.1 Stealth


You had 5 spell levels left.
You didn't know any spells.
Your spell library was empty.

Dungeon Overview and Level Annotations

Branches:
Dungeon (4/15)
 Temple: D:4-7

Altars:
Fedhas


Innate Abilities, Weirdness & Mutations

You are resistant to torment.
Your stone body is resilient. (AC +4)
You are immune to poison.
You resist negative energy. (rN+)
You are resistant to electric shocks. (rElec)
You can survive without breathing.
You are immune to petrification.
You are immune to rotting.


Message History

You start resting.
HP restored.
You start waiting.
Done waiting.
You now have 212 gold pieces (gained 12).
There is an open door here.
An ogre comes into view. It is wielding a giant spiked club.
The ogre shouts!
The ogre moves out of view.
The ogre is too close now for your liking.
An ogre is nearby!
Your shield and chain mail prevent you from hitting the ogre.
The ogre hits you with a giant spiked club!!
It was a potion of curing.
You feel better. You block the ogre's attack.
Your shield and chain mail prevent you from hitting the ogre.
The ogre hits you with a giant spiked club!
Your shield and chain mail prevent you from hitting the ogre.
The ogre hits you with a giant spiked club!!
Ouch! That really hurt!
You die...

..# #.# #........# ###
#.# #...>....# ..#
#^###........# ..#
#.#.......#### ..#
#######.#.......# ..#
'.......'.......# ..#
#######.#.......# ..#
###....#.#.......#######
..####
......O@.#########......
.....#
###....#####.....'......
.....#######....
#.......#......
...........#....
#.......###'###
...........#....
#.[.....# #.#
...........#....
#.......###'###
...........#####
#........[.....
...........#
###'###..).....
#'###......# #.#
#........


You could see an ogre.

Vanquished Creatures
  A phantom (D:4)
  2 orc priests
  2 adders (D:3)
  A worm (D:2)
  3 dart slugs
  A leopard gecko (D:2)
  11 orcs
  6 bats
  4 giant cockroaches
  10 goblins
  8 hobgoblins
  5 jackals
  8 kobolds
  3 quokkas
  A ball python (D:2)
  6 frilled lizards
  4 rats (D:3)
76 creatures vanquished.

Notes
Turn   | Place    | Note
-------+----------+-------------------------------------------
     0 | D:1      | MTVSty1e the Gargoyle Monk began the quest for the Orb.
     0 | D:1      | Reached XP level 1. HP: 14/14 MP: 1/1
   107 | D:1      | Reached skill level 3 in Axes
   206 | D:1      | Reached XP level 2. HP: 7/19 MP: 2/2
   848 | D:1      | Reached XP level 3. HP: 23/23 MP: 3/3
  1001 | D:2      | Found a faded altar of an unknown god.
  1131 | D:2      | Reached skill level 4 in Axes
  1985 | D:3      | Reached XP level 4. HP: 25/28 MP: 4/4
  2228 | D:3      | Found a blossoming altar of Fedhas.
  2338 | D:3      | Reached skill level 5 in Axes
  2338 | D:3      | Reached XP level 5. HP: 16/32 MP: 5/5
  3467 | D:4      | Noticed a phantom
  3541 | D:4      | Killed a phantom
  3541 | D:4      | Reached XP level 6. HP: 26/38 MP: 6/6
  3754 | D:4      | Slain by an ogre

Skill      XL: |  1  2  3  4 |
---------------+-------------+-----
Axes           | 3 4 5 |  5.9
Fighting       | |  3.8
Dodging        | |  2.4
Stealth        | |  2.1

Action                   |  1- 3 |  4- 6 || total
-------------------------+-------+-------++-------
Melee: Hand axe          |   171 |    47 ||   218
       War axe           |       |   103 ||   103
  Use: Scroll            |     3 |     1 ||     4
       Potion            |       |     1 ||     1
 Stab: Sleeping          |     5 |       ||     5
  Eat: Chunk             |     1 |     2 ||     3
       Ration            |     1 |     1 ||     2
Armor: Robe              |    60 |       ||    60
       Ring mail         |     4 |     1 ||     5
       Chain mail        |       |    88 ||    88
Dodge: Dodged            |    77 |    10 ||    87
Block: Large shield      |    83 |    87 ||   170
